 Seeded DCSS version 0.30.1-6-gbe392663c4 (webtiles) character file.

Game seed: 15140874439476535185 (custom seed)

36 Psyclone the Stinger (level 3, 21/21 HPs)
             Began as an Octopode Venom Mage on Sept 20, 2023.
             Quit the game on level 2 of the Dungeon.
             The game lasted 00:03:41 (1323 turns).

Psyclone the Stinger (Octopode Venom Mage)          Turns: 1323, Time: 00:03:42

Health: 21/21      AC:  1    Str:  7    XL:     3   Next: 37%
Magic:  6/6        EV: 13    Int: 19    God:
Gold:   53         SH:  0    Dex: 12    Spells: 5/6 levels left

rFire   . . .        (no weapon)
rCold   . . .        (no shield)
rNeg    . . .        (helmet restricted)
rPois   .            (no amulet)
rElec   .            (no ring)
rCorr   .            (no ring)
SInv    .            (no ring)
Will    .....        (no ring)
Stlth   +++          (no ring)
HPRegen 0.23/turn    (no ring)
MPRegen 0.10/turn    (no ring)
                     (no ring)

%: no passive effects
@: no status effects
A: almost no armour, amphibious, 8 rings, camouflage 1, gelatinous body 1,
(nimble swimmer 1), tentacles
a: no special abilities


You were on level 2 of the Dungeon.
You visited 1 branch of the dungeon, and saw 2 of its levels.

You collected 53 gold pieces.

Inventory:

Scrolls
 b - a scroll of teleportation {unknown}
 d - a scroll of vulnerability {unknown}
 e - a scroll of fog {unknown}
 h - a scroll of identify {unknown}
 i - a scroll of fear {unknown}
 k - a scroll of noise {unknown}
Potions
 a - 4 potions of magic
 c - 2 potions of heal wounds {unknown}
 f - a potion of mutation {unknown}
 g - 2 potions of curing {unknown}
 j - a potion of resistance {unknown}
 l - a potion of degeneration {unknown}


   Skills:
 - Level 2.0 Dodging
 - Level 2.6 Stealth
 - Level 2.0 Spellcasting
 - Level 1.0 Transmutations
 + Level 5.3 Poison Magic


You had 5 spell levels left.
You knew the following spells:

 Your Spells              Type           Power      Damage    Failure   Level
a - Sting                 Tmut/Pois      52%        1d5       4%          1

Your spell library contained the following spells:

 Spells                   Type           Power      Damage    Failure   Level
 Poisonous Vapours        Pois/Air       22%        N/A       9%          2
 Olgreb's Toxic Radiance  Pois           22%        N/A       19%         4
 Mephitic Cloud           Conj/Pois/Air  8%         N/A       24%         3


Dungeon Overview and Level Annotations

Branches:
Dungeon (2/15) Zot: 10677

Altars:
Gozag


Innate Abilities, Weirdness & Mutations

You cannot wear most types of armour.
You are amphibious.
You can wear up to eight rings at the same time.
Your skin changes colour to match your surroundings (Stealth+).
Your rubbery body absorbs attacks. (AC +1, EV +1)
((You are camouflaged when in or above water. (Stealth+)))
You have tentacles for arms and can constrict up to eight enemies at once.


Message History

Aiming: Sting (safe; 4% risk of failure)
Press: ? - help, Shift-Dir - straight line, f - ball python
Aim: a ball python (constricting you, 68% to hit)
The sting hits the ball python.
The ball python is poisoned.
The ball python is severely wounded.
The ball python bites you. The ball python constricts you.
You take 2 damage, and have 18/21 hp.
You now have 5/6 mp.
A ball python is nearby!
Casting: Sting (safe; 4% risk of failure)
Confirm with . or Enter, or press ? or * to list all spells.
Aiming: Sting (safe; 4% risk of failure)
Press: ? - help, Shift-Dir - straight line, f/p - ball python
Aim: a ball python (severely wounded, constricting you, poisoned, 68% to hit)
The sting misses the ball python.
You kill the ball python!
You now have 4/6 mp.
Magic restored.
g - 2 puce potions (gained 1)
There is an open door here.
You see here a +2 war axe of electrocution.
Health restored: 21; MP restored: 6 You open the door.
There is an open door here.
You open the door.
There is an open door here.
There is an open door here.
There is an open door here.
There is an open door here.
Found a sling.
j - a purple potion
Found an escape hatch in the ceiling.
k - a scroll labelled NOMAST JOASHRE
a - 4 potions of magic (gained 3)
l - a smoky yellow potion You open the door.
There is an open door here.
There is an open door here.
There is an escape hatch in the ceiling here.
A worm comes into view.
Are you sure you want to abandon this character and quit the game? (Confirm with "yes".)

#.# #.#.......# #
###.#########.#.##+#### #
#....>........#.#.)######
###############.#.......#
#..<..............
#.##♣♣♣♣###.######
#.#♣♣♣P♣♣.........
#.♣..PPP♣♣#.#.####
#@♣♣....♣♣..#.#
#.w.....♣P♣.PP♣♣###.#
#.#####.♣♣♣P.♣♣♣..#.# #.#
♣P.♣♣...#.# # ..#
♣..♣#...#.# # ###
#..##...#.# # #.###...#.#
# ####.###...#.# #
####......'...'.####


You could see a worm (asleep).

Vanquished Creatures
  An adder (D:2)
  2 dart slugs
  A ball python (D:2)
  A bat (D:2)
  3 endoplasms (D:1)
  4 hobgoblins
  A quokka (D:2)
  A frilled lizard (D:2)
  3 kobolds (D:2)
  6 rats
23 creatures vanquished.

Notes
Turn   | Place    | Note
-------+----------+-------------------------------------------
     0 | D:1      | Psyclone the Octopode Venom Mage began the quest for the
                  | Orb.
     0 | D:1      | Reached XP level 1. HP: 11/11 MP: 3/3
   172 | D:1      | Reached skill level 4 in Poison Magic
   223 | D:1      | Reached XP level 2. HP: 17/17 MP: 0/5
   362 | D:2      | Found an opulent altar of Gozag.
   369 | D:2      | Found a faded altar of an unknown god.
   593 | D:2      | Reached skill level 5 in Poison Magic
   593 | D:2      | Reached XP level 3. HP: 15/21 MP: 2/6
  1323 | D:2      | Quit the game

Illustrated notes

Levels and vault maps discovered:
D:1:      lightli_arrival_isolated_outpost, layout_basic
D:2:      minmay_alternating_diamond, layout_basic, basic_altar,
          basic_ecumenical_altar, serial_forest, infiniplex_forest_end_2,
          infiniplex_forest_clump_curved, infiniplex_forest_lined_2,
          infiniplex_forest_pool, infiniplex_forest_lined_3,
          infiniplex_forest_clump_curved

Skill      XL: |  1  2 |
---------------+-------+-----
Poison Magic   | 4 5 |  5.3
Dodging        | |  2.0
Stealth        | |  2.6
Spellcasting   | |  2.0
Transmutations | |  1.0

Action                     || total
---------------------------++-------
  Melee: Unarmed           ||    18
         Tentacles         ||     2
         Constrict         ||     2
   Cast: Sting             ||    35
 Armour: Skin              ||     6
  Dodge: Dodged            ||    24
